Map: Blackpink LE

Players

MidOrFeed - Winner!

  • Race: Terran Terran
  • League: Master
  • Spawn Location: 7:00

roxkisTITAN

  • Race: Protoss Protoss
  • League: Master
  • Spawn Location: 1:00

VOD

Have the link to the VOD?

Description

Time

  • Played on: Dec. 13, 2017, 11:34 a.m.
  • Length: 10:13
Show
View Real Time Build Order
Export as new Build Order

MidOrFeed Terran - Winner!

Build Orders: Reaper Expand, MMM Bio 

Get SALT Encoding   

  12  0:00  SCV  
  13  0:12  SCV  
  14  0:17  Supply Depot  
  14  0:24  SCV  
  15  0:29  Refinery  
  15  0:39  SCV  
  16  0:45  Barracks  
  16  0:51  SCV  
  17  1:03  SCV  
  18  1:15  SCV  
  19  1:33  Orbital Command  
  19  1:34  Reaper  
  20  1:46  Command Center  
  20  1:59  Factory  
  20  2:00  SCV  
  21  2:08  Refinery  
  21  2:12  Barracks Reactor  
  21  2:13  SCV  
  22  2:19  Supply Depot  
  22  2:25  SCV  
  23  2:40  SCV  
  24  2:45  Hellion  
  24  2:48  Marine x2, Starport  
  28  2:52  SCV  
  29  3:02  Orbital Command  
  28  3:06  Marine x2  
  28  3:11  Hellion  
  32  3:16  SCV  
  32  3:24  Marine x2  
  34  3:28  SCV  
  35  3:39  Medivac, Hellion  
  35  3:41  SCV  
  40  3:42  SCV  
  41  3:48  Marine x2  
  41  3:53  SCV  
  41  3:54  SCV  
  45  4:02  Supply Depot  
  45  4:05  SCV  
  45  4:06  Liberator  
  46  4:10  Supply Depot  
  46  4:24  SCV x2  
  53  4:34  Widow Mine  
  53  4:36  SCV x2  
  53  4:38  Supply Depot  
  57  4:39  Widow Mine  
  55  4:48  SCV x2  
  55  5:00  SCV x2  
  58  5:07  Widow Mine  
  58  5:08  Widow Mine  
  58  5:10  Medivac  
  58  5:12  SCV x2  
  58  5:16  Refinery  
  58  5:18  Bunker, Barracks Tech Lab  
  57  5:21  Barracks  
  57  5:23  Barracks  
  57  5:24  SCV x2  
  59  5:36  SCV x2  
  59  5:38  Supply Depot  
  61  5:45  Siege Tank  
  61  5:48  Supply Depot, SCV x2  
  66  5:50  Marine x2  
  66  5:54  Viking  
  70  6:00  Engineering Bay, SCV  
  70  6:02  SCV  
  70  6:03  Supply Depot  
  72  6:05  Supply Depot  
  72  6:12  Barracks Tech Lab  
  72  6:13  SCV  
  72  6:14  SCV, Barracks Tech Lab  
  74  6:19  Siege Tank, Marine x2  
  74  6:23  Supply Depot  
  74  6:24  Refinery  
  74  6:25  SCV  
  80  6:27  Supply Depot, Command Center, SCV  
  79  6:41  Marine x2  
  79  6:42  Starport Reactor, Stimpack, Marauder x2  
  79  6:43  SCV x2  
  83  6:55  SCV x2  
  83  7:00  Marine  
  83  7:01  Marine  
  85  7:04  Siege Tank, Marauder x2  
  92  7:08  Terran Infantry Weapons Level 1  
  92  7:10  SCV x2  
  92  7:12  Barracks  
  92  7:13  Barracks  
  94  7:15  Supply Depot  
  94  7:21  Marine x2  
  94  7:25  Marauder  
  96  7:42  Marine x2, Marauder  
  96  7:43  Medivac x2  
  103  7:44  Siege Tank  
  103  7:45  Orbital Command  
  103  7:47  Marauder  
  103  7:50  Supply Depot  
  105  8:00  Barracks Reactor  
  105  8:01  Barracks Reactor  
  105  8:05  Barracks Tech Lab  
  105  8:07  Marine x2, Marauder  
  105  8:08  Marauder  
  105  8:11  Combat Shields, Orbital Command  
  108  8:16  SCV x2  
  110  8:25  Marauder  
  112  8:27  Refinery  
  112  8:28  Medivac x2, SCV x2  
  118  8:37  Marine, Marauder x2  
  118  8:38  Factory Reactor, Marine  
  118  8:40  Starport, SCV x2, Concussive Shells  
  126  8:46  SCV  
  126  8:48  Supply Depot  
  124  8:59  Marine x2, Marauder x2  
  124  9:00  Marauder  
  130  9:17  Medivac x2  
  130  9:18  Marine x2  
  130  9:21  Marauder  
  122  9:32  Marine x2, Marauder x2  
  122  9:35  Marine x2  
  130  9:41  Marine  
  131  9:50  Marine x2  
  133  9:58  Engineering Bay, Armory  
  133  9:59  Refinery  
  120  10:10  Command Center  
Show
View Real Time Build Order
Export as new Build Order

roxkisTITAN Protoss 

Build Orders: 1 Gate Expand 

Get SALT Encoding   

  12  0:00  Probe  
  13  0:13  Probe  
  14  0:17  Pylon  
  14  0:25  Probe  
  15  0:37  Probe (Chrono Boost)  
  15  0:38  Gateway  
  16  0:44  Assimilator  
  16  0:49  Probe (Chrono Boost)  
  18  0:58  Probe (Chrono Boost)  
  18  1:03  Probe  
  19  1:15  Probe  
  20  1:24  Nexus  
  20  1:35  Cybernetics Core  
  20  1:37  Probe  
  21  1:44  Assimilator  
  21  1:50  Pylon  
  21  1:52  Probe  
  22  2:04  Probe  
  23  2:11  Adept (Chrono Boost)  
  23  2:12  Warp Gate  
  25  2:16  Probe  
  26  2:28  Stalker (Chrono Boost), Probe  
  28  2:37  Forge  
  28  2:40  Probe (Chrono Boost)  
  30  2:46  Probe (Chrono Boost)  
  30  2:49  Stalker  
  34  2:52  Probe (Chrono Boost)  
  34  2:53  Probe (Chrono Boost)  
  34  2:54  Probe  
  35  3:03  Probe  
  36  3:07  Probe  
  36  3:10  Protoss Ground Weapons Level 1 (Chrono Boost)  
  36  3:20  Stalker, Probe  
  36  3:26  Probe  
  40  3:32  Probe  
  40  3:33  Pylon  
  41  3:38  Probe  
  42  3:43  Twilight Council  
  42  3:44  Probe  
  43  3:50  Probe  
  43  3:54  Gateway  
  44  3:56  Gateway, Probe  
  46  4:02  Probe  
  46  4:10  Shield Battery  
  46  4:11  Probe  
  46  4:16  Probe  
  48  4:20  Blink  
  48  4:22  Robotics Facility  
  48  4:23  Probe  
  49  4:25  Stalker  
  49  4:29  Probe  
  52  4:31  Assimilator  
  52  4:34  Assimilator  
  52  4:36  Pylon  
  52  4:37  Probe  
  53  4:46  Protoss Ground Armor Level 1 (Chrono Boost)  
  53  4:47  Probe  
  54  4:55  Stalker x3  
  50  5:11  Probe (Chrono Boost)  
  49  5:21  Probe (Chrono Boost)  
  49  5:22  Probe (Chrono Boost)  
  49  5:23  Probe  
  49  5:25  Warp Prism  
  52  5:31  Probe  
  53  5:36  Probe  
  53  5:42  Nexus  
  54  5:43  Robotics Bay, Pylon, Probe  
  54  5:46  Sentry  
  57  5:55  Stalker x2  
  61  5:57  Probe  
  61  6:01  Probe  
  63  6:05  Observer (Chrono Boost), Pylon x2  
  63  6:09  Probe  
  65  6:14  Probe  
  65  6:16  Pylon  
  65  6:17  Observer  
  67  6:22  Protoss Ground Weapons Level 2 (Chrono Boost)  
  67  6:24  Probe  
  68  6:26  Probe  
  68  6:29  Pylon  
  68  6:31  Adept x2  
  73  6:33  Adept  
  59  6:42  Probe x2  
  58  6:52  Stargate  
  55  6:54  Probe  
  56  7:03  Probe (Chrono Boost)  
  56  7:08  Probe (Chrono Boost)  
  59  7:19  Probe x3 (Chrono Boost)  
  59  7:24  Probe  
  59  7:26  Probe  
  59  7:28  Probe  
  63  7:38  Probe (Chrono Boost)  
  63  7:42  Probe (Chrono Boost)  
  59  7:48  Colossus  
  59  7:49  Extended Thermal Lance  
  59  7:50  Probe (Chrono Boost)  
  67  7:52  Probe (Chrono Boost)  
  67  7:53  Probe x2 (Chrono Boost)  
  67  7:54  Probe  
  69  8:01  Probe  
  66  8:06  Probe  
  66  8:12  Probe  
  68  8:13  Phoenix (Chrono Boost)  
  68  8:15  Probe  
  68  8:17  Charge  
  71  8:21  Probe  
  71  8:25  Probe  
  73  8:27  Probe  
  74  8:35  Zealot x3  
  80  8:56  Colossus (Chrono Boost)  
  80  9:00  Stalker x3  
  92  9:06  Probe x2  
  92  9:07  Assimilator x2  
  94  9:16  Probe  
  91  9:20  Gateway  
  91  9:21  Gateway  
  89  9:24  Gateway  
  79  9:43  Stalker  
  79  9:44  Stalker x2  
Tags
 
Add a new tag
Caveats
  • Supply blocks, unpowered buildings, or Contaminate may cause inaccurate times.
  • Supply counts are checked every 10 seconds.